Map: Dämmertürme

Players

IIIIIIIIIIII - Winner!

  • Race: Terran Terran
  • League: Master

WinD

  • Race: Zerg Zerg
  • League: Grandmaster

VOD

Have the link to the VOD?

Description

Time

  • Played on: Jan. 1, 2016, 12:42 p.m.
  • Length: 15:22
Show
View Real Time Build Order
Export as new Build Order

IIIIIIIIIIII Terran - Winner!

Build Orders: Reaper Expand, Bio Tank, Hellion Banshee 

Get SALT Encoding   

  12  0:01  SCV  
  13  0:13  SCV  
  14  0:17  Supply Depot  
  14  0:25  SCV  
  15  0:39  SCV  
  15  0:40  Barracks  
  16  0:46  Refinery  
  16  0:51  SCV  
  17  1:03  SCV  
  18  1:15  SCV  
  19  1:27  Orbital Command  
  19  1:29  Reaper  
  20  1:42  Command Center  
  21  1:54  SCV  
  21  1:55  Supply Depot  
  21  2:01  Marine  
  22  2:06  SCV  
  22  2:07  Refinery  
  23  2:18  SCV, Factory  
  24  2:24  Barracks Reactor  
  24  2:30  SCV  
  25  2:42  SCV  
  26  2:54  SCV  
  26  2:58  Orbital Command  
  27  3:06  SCV  
  27  3:07  Starport  
  28  3:13  Hellion x2  
  28  3:14  Marine  
  28  3:19  SCV  
  34  3:26  SCV  
  35  3:31  SCV  
  36  3:34  Marine  
  36  3:36  Hellion x2  
  36  3:38  SCV  
  36  3:39  Supply Depot x2  
  42  3:43  SCV  
  42  3:45  Medivac  
  45  3:50  SCV  
  45  3:55  SCV, Barracks Tech Lab  
  46  4:00  Hellion x2  
  50  4:04  SCV, Supply Depot  
  50  4:07  SCV  
  52  4:15  Armory  
  52  4:16  SCV  
  53  4:23  SCV  
  54  4:25  Banshee  
  54  4:29  SCV  
  54  4:30  Cloaking Field  
  54  4:31  Marine x2  
  58  4:33  Factory Tech Lab  
  58  4:36  Supply Depot  
  58  4:37  SCV  
  61  4:44  SCV  
  62  4:49  SCV  
  62  4:51  Marine x2  
  62  4:52  Siege Tank  
  68  4:56  SCV  
  68  4:58  Command Center  
  58  5:15  SCV x2  
  58  5:16  Marine x2  
  58  5:17  Banshee  
  65  5:26  Siege Tank  
  65  5:27  SCV x2  
  66  5:31  Supply Depot, Barracks  
  66  5:32  Barracks  
  64  5:38  Refinery  
  64  5:39  SCV, Refinery  
  64  5:41  Marine x2  
  64  5:42  Engineering Bay  
  67  5:43  SCV  
  67  5:44  Engineering Bay  
  68  5:51  SCV  
  68  5:55  SCV  
  70  5:59  Siege Tank  
  70  6:03  SCV  
  74  6:07  SCV  
  75  6:12  Orbital Command  
  75  6:13  Terran Infantry Weapons Level 1, Terran Infantry Armor Level 1  
  75  6:15  Supply Depot, SCV  
  75  6:17  Supply Depot, Marine x2  
  78  6:19  SCV  
  78  6:24  Barracks Tech Lab x2  
  79  6:30  SCV  
  79  6:32  Hellion  
  82  6:38  Marine x2  
  84  6:44  Combat Shields, Marauder x2  
  84  6:45  Stimpack  
  85  6:48  SCV x2  
  87  6:54  Orbital Command  
  87  7:02  Terran Vehicle Weapons Level 1  
  87  7:04  Barracks  
  87  7:05  Barracks, Starport Reactor  
  87  7:07  SCV x2  
  87  7:08  Marauder x2, Marine x2  
  90  7:15  Siege Tank  
  95  7:19  SCV  
  96  7:28  SCV x2  
  98  7:35  SCV  
  99  7:39  Marauder x2, Marine x2  
  99  7:40  SCV x2  
  107  7:47  SCV  
  107  7:50  Siege Tank, Medivac x2  
  115  7:55  Refinery  
  115  7:56  SCV x2, Refinery  
  115  7:57  Command Center  
  117  8:00  Supply Depot x2  
  117  8:01  Supply Depot  
  117  8:02  Supply Depot x3  
  117  8:06  Barracks Tech Lab  
  117  8:07  Barracks Reactor  
  117  8:12  Supply Depot  
  117  8:13  Supply Depot  
  117  8:21  Marine  
  117  8:22  SCV x3, Marauder x2, Marine  
  117  8:23  Medivac x2  
  117  8:24  Siege Tank  
  133  8:38  Terran Infantry Armor Level 2, Marauder  
  133  8:39  Marine x2  
  137  8:46  Supply Depot x2, Terran Infantry Weapons Level 2  
  137  8:47  Supply Depot x2  
  137  8:48  Marine x3  
  137  8:49  Marine  
  141  8:57  Marine x2  
  141  8:58  Marine  
  141  9:01  Siege Tank  
  147  9:06  Marine x2  
  147  9:07  Marauder  
  147  9:19  Marauder x2, Marine x2  
  147  9:20  Medivac x2  
  147  9:24  Marine  
  157  9:28  Marauder, Marine  
  157  9:29  Command Center  
  161  9:34  Barracks x2  
  161  9:35  Barracks  
  161  9:37  Marine  
  162  9:40  Factory  
  162  9:41  Marauder  
  162  9:42  Marauder, Marine x2  
  162  9:43  Siege Tank  
  170  9:50  Marauder  
  170  9:51  Planetary Fortress  
  169  9:58  Missile Turret  
  169  9:59  Missile Turret  
  169  10:00  Missile Turret  
  169  10:01  Missile Turret x2  
  169  10:03  Missile Turret  
  169  10:10  Missile Turret  
  169  10:11  Missile Turret  
  169  10:21  Marine, Marauder  
  169  10:22  Marine, Marauder x2  
  177  10:33  Refinery x2  
  177  10:34  Terran Vehicle Weapons Level 2  
  177  10:43  Marauder  
  177  10:46  Ghost Academy  
  177  10:48  Barracks Reactor x2, Barracks Tech Lab  
  179  10:54  Command Center  
  179  11:03  Marine  
  179  11:04  Marauder x2  
  184  11:07  Marauder, Marine  
  184  11:08  Marauder  
  189  11:13  Marine x2  
  189  11:14  Siege Tank, Medivac  
  178  11:25  Marauder x2  
  159  11:28  Marine x2  
  159  11:29  Marauder x2, Marine x4  
  159  11:31  Marine x2  
  165  11:46  Planetary Fortress, Marauder x2, Marine x2  
  171  11:58  Personal Cloaking, Terran Infantry Armor Level 3  
  171  11:59  Terran Infantry Weapons Level 3  
  171  12:07  Starport  
  171  12:08  Starport, Orbital Command  
  171  12:13  Refinery x2  
  171  12:23  Ghost x2  
  171  12:24  Ghost  
  177  12:31  Ghost, Marine x3  
  177  12:32  Marine  
  173  12:51  Marine x6  
  156  12:53  Marauder x3  
  167  13:00  Marauder  
  152  13:10  Concussive Shells  
  123  13:15  Ghost x3  
  123  13:16  Marine  
  127  13:21  Ghost  
  122  13:29  Marine  
  122  13:30  Marine x6  
  113  13:34  Marine  
  113  13:37  Medivac x2  
  113  13:41  Starport Reactor x2  
  118  13:44  Ghost, Marine  
  121  14:01  Ghost  
  121  14:02  Marine x5  
  124  14:03  Marine x5  
  124  14:09  Sensor Tower, Medivac x2  
  137  14:12  Marine  
  137  14:15  Siege Tank x2  
  144  14:20  Marine x3  
  144  14:21  Marauder x2  
  151  14:31  Ghost x2, Sensor Tower  
  151  14:32  Marine x5  
  151  14:37  Marine  
  151  14:38  Marine  
  161  14:42  Marauder, Marine  
Show
View Real Time Build Order
Export as new Build Order

WinD Zerg 

Build Orders: Hatch First 

Get SALT Encoding   

  12  0:02  Drone  
  13  0:15  Overlord  
  13  0:21  Drone  
  14  0:34  Drone x2  
  16  0:42  Drone  
  17  0:58  Hatchery  
  17  1:00  Drone  
  17  1:05  Drone  
  18  1:14  Spawning Pool  
  18  1:15  Extractor  
  16  1:22  Drone x2  
  18  1:31  Drone  
  19  1:43  Overlord  
  19  1:58  Drone  
  20  2:02  Queen  
  20  2:05  Zergling x2  
  23  2:10  Queen, Zergling x2  
  26  2:18  Drone  
  26  2:20  Metabolic Boost  
  27  2:23  Drone  
  28  2:32  Drone x2  
  30  2:37  Queen  
  30  2:38  Drone  
  30  2:43  Drone  
  34  2:49  Drone  
  35  2:56  Overlord x2  
  34  3:16  Drone x3  
  37  3:22  Drone x2  
  39  3:27  Drone x4  
  39  3:30  Hatchery  
  39  3:31  Zergling x2  
  43  3:35  Overlord  
  43  3:36  Overlord  
  43  3:51  Extractor  
  43  3:53  Queen  
  43  3:55  Drone x6  
  45  4:01  Extractor  
  50  4:02  Drone  
  50  4:03  Drone x2, Spore Crawler  
  50  4:04  Spore Crawler  
  49  4:11  Zergling x4  
  50  4:24  Evolution Chamber  
  50  4:27  Roach Warren, Zergling x6  
  50  4:30  Evolution Chamber  
  50  4:40  Drone x2  
  50  4:41  Drone x3  
  55  4:52  Zerg Missile Weapons Level 1  
  55  4:54  Overlord x3  
  54  5:06  Roach x2  
  54  5:07  Roach x2  
  60  5:10  Roach  
  60  5:11  Roach x2  
  60  5:13  Roach  
  60  5:14  Roach  
  65  5:24  Roach  
  65  5:25  Roach x2  
  71  5:36  Drone x7  
  71  5:37  Drone  
  79  5:46  Lair  
  79  5:48  Zerg Ground Armor Level 1  
  79  5:50  Extractor  
  79  5:54  Drone x3  
  78  6:06  Drone x6  
  78  6:07  Drone  
  85  6:17  Drone x2  
  87  6:19  Drone  
  87  6:22  Spore Crawler  
  84  6:28  Drone x3  
  84  6:30  Queen  
  87  6:34  Drone x3  
  87  6:36  Overlord x2  
  87  6:39  Ravager x5  
  77  6:51  Drone x5  
  77  6:52  Drone x3  
  83  6:59  Drone  
  83  7:00  Drone x2  
  83  7:01  Glial Reconstitution  
  83  7:02  Zerg Missile Weapons Level 2  
  83  7:06  Overseer  
  82  7:11  Drone  
  82  7:12  Drone x4  
  87  7:20  Overseer  
  87  7:21  Drone  
  87  7:22  Drone x2  
  90  7:26  Extractor x2  
  88  7:30  Hatchery  
  87  7:43  Overlord x4  
  87  7:46  Queen  
  89  7:55  Drone x2  
  89  7:56  Drone x2  
  89  7:58  Roach x6  
  105  8:00  Zerg Ground Armor Level 2  
  105  8:04  Drone  
  106  8:05  Spire  
  106  8:07  Roach x3  
  106  8:09  Overlord  
  108  8:27  Overlord x3  
  108  8:28  Roach  
  108  8:29  Roach x6  
  122  8:43  Infestation Pit  
  122  8:44  Drone x7  
  128  8:54  Ravager x3  
  131  9:03  Spore Crawler  
  131  9:04  Spore Crawler  
  131  9:07  Extractor  
  131  9:08  Roach x10  
  146  9:11  Spore Crawler  
  146  9:12  Extractor  
  146  9:16  Drone  
  146  9:17  Drone x5, Spire  
  151  9:18  Zerg Melee Weapons Level 1  
  151  9:21  Drone x3  
  151  9:23  Hive  
  153  9:29  Drone  
  153  9:30  Drone x4  
  158  9:35  Pathogen Glands  
  158  9:45  Overlord x3  
  158  10:11  Baneling Nest  
  158  10:12  Spine Crawler  
  158  10:13  Roach x15  
  158  10:14  Spine Crawler, Roach  
  188  10:20  Ravager x7  
  192  10:28  Overlord x2  
  192  10:32  Zerg Flyer Weapons Level 1  
  192  10:35  Overseer  
  192  10:43  Adrenal Glands  
  192  10:44  Ultralisk Cavern  
  192  10:45  Zerg Ground Armor Level 3  
  191  10:53  Centrifical Hooks  
  191  10:54  Corruptor  
  181  11:17  Hatchery  
  116  11:30  Roach  
  116  11:31  Roach x10  
  132  11:34  Chitinous Plating  
  132  11:39  Ultralisk x2  
  144  11:53  Zergling x12  
  150  12:02  Hatchery  
  150  12:08  Ultralisk  
  155  12:09  Hatchery  
  155  12:11  Ultralisk  
  156  12:16  Zerg Melee Weapons Level 2  
  156  12:19  Corruptor  
  157  12:31  Zergling x14  
  157  12:32  Zergling x2  
  157  12:35  Ravager x3  
  128  12:48  Ultralisk  
  128  12:49  Zergling x6  
  120  12:56  Zergling x18  
  113  13:06  Zergling x2  
  113  13:07  Zergling x12  
  95  13:13  Zergling x6  
  95  13:23  Ultralisk  
  100  13:41  Infestor x2  
  102  13:45  Infestor  
  106  13:49  Hatchery  
  104  14:06  Ultralisk  
  110  14:13  Ultralisk  
  116  14:22  Infestor x2  
  119  14:33  Ultralisk  
  133  15:02  Overseer  
Tags
 
Add a new tag
Caveats
  • Supply blocks, unpowered buildings, or Contaminate may cause inaccurate times.
  • Supply counts are checked every 10 seconds.